 Dungeon Crawl Stone Soup version 0.31-a0-190-g4feb4907b2 (webtiles) character file.

Game seed: 1187007393042089171

620 qw the Skirmisher (level 7, -2/40 HPs)
             Began as a Deep Elf Hunter on June 23, 2023.
             Slain by a hornet (3 damage)
             ... on level 5 of the Dungeon.
             The game lasted 00:01:55 (4583 turns).

qw the Skirmisher (Deep Elf Hunter)                 Turns: 4583, Time: 00:01:56

Health: -2/40      AC: 11    Str: 10    XL:     7   Next: 22%
Magic:  9/9        EV:  9    Int: 14    God:
Gold:   158        SH:  0    Dex: 18    Spells: 6/6 levels left

rFire   . . .        Y - +2 shortbow
rCold   . . .        (shield currently unavailable)
rNeg    . . .        f - +3 scale mail
rPois   .            a - +0 helmet
rElec   .            (no cloak)
rCorr   .            h - +0 pair of gloves
SInv    .            (no boots)
Will    .....        (no amulet)
Stlth   +            (no ring)
HPRegen 0.26/turn    (no ring)
MPRegen 0.11/turn

%: no passive effects
@: lethally poisoned (-2 -> -5), slowed, very slow
A: no striking features
a: no special abilities


You were on level 5 of the Dungeon.
You visited 1 branch of the dungeon, and saw 5 of its levels.

You collected 225 gold pieces.
You spent 67 gold pieces at shops.


   Skills:
 - Level 2.2 Fighting
 + Level 10.8 Ranged Weapons
 - Level 1.0 Armour
 - Level 3.0 Dodging
 - Level 1.2 Stealth


You had 6 spell levels left.
You didn't know any spells.
Your spell library was empty.

Inventory:

Hand Weapons
 Y - a +2 shortbow (weapon)
Armour
 a - a +0 helmet (worn)
 f - a +3 scale mail (worn)
 h - a +0 pair of gloves (worn)
Scrolls
 e - a scroll of identify
Potions
 b - 2 potions of haste
 d - a potion of mutation
 i - 3 potions of curing
 k - a potion of cancellation {unknown}

Dungeon Overview and Level Annotations

Branches:
Dungeon (5/15)
 Temple: D:4-7

Altars:
Ashenzari
Dithmenos

Shops:
D:2 *

Annotations:
D:4 1 runed translucent door, Crazy Yiuf


Message History

You start resting.
HP restored.
You now have 158 gold pieces (gained 10).
As you open the door, it creaks loudly!
Found an escape hatch in the ceiling.
There is an open door here.
Enter note:
Enter note: You open the door.
There is an open door here.
A hornet comes into view.
The hornet buzzes angrily.
You hear a shout!
An ufetubus comes into view.
Enter note:
Enter note: You shoot an arrow.
The arrow hits the hornet but does no damage.
An adder comes into view.
You shoot an arrow. The arrow misses the hornet.
The arrow closely misses the ufetubus.
You shoot an arrow. The arrow hits the hornet.
The hornet is lightly wounded.
The hornet stings you!
You are poisoned.
You feel yourself slow down.
You shoot an arrow. The arrow misses the hornet.
The arrow closely misses the ufetubus.
The arrow misses the adder.
You feel yourself speed up.
You feel very sick. The hornet stings you!
You feel yourself slow down. The hornet stings you!
You feel as though you will be slow longer.
The hornet stings you but does no damage.
You shoot an arrow. The arrow hits the hornet.
The hornet is lightly wounded.
You feel sick.
The hornet stings you but does no damage. x2
You shoot an arrow. The arrow closely misses the hornet.
The arrow misses the ufetubus.
The arrow barely misses the adder.
You feel sick. The hornet stings you.
You die...

... #.. #. #.# #.. ..#
##.. #S# ##...## #5#
##.....## ##y#####.#
##<......## #.@......#
#.........####...#.#.##
+.........'...........
#.........####...#.#.#
#.......## #..#..#
##.....## #.##.##
##...## #.. .. ##'##
### .## #.#


You could see a hornet, an adder and an ufetubus.

Vanquished Creatures
  Eustachio (D:4)
  A phantom (D:5)
  A scorpion (D:4)
  A hound (D:4)
  5 jellies (D:4)
  Robin (D:3)
  4 adders
  A worm (D:4)
  3 dart slugs
  6 orcs
  9 ball pythons
  13 endoplasms
  A giant cockroach (D:1)
  7 goblins
  15 hobgoblins
  2 jackals (D:4)
  3 quokkas
  5 bats
  5 frilled lizards
  12 kobolds
  2 rats
98 creatures vanquished.

Notes
Turn   | Place    | Note
-------+----------+-------------------------------------------
     0 | D:1      | qw the Deep Elf Hunter began the quest for the Orb.
     0 | D:1      | Reached XP level 1. HP: 12/12 MP: 3/3
     0 | D:1      | 0 ||| qw: Version: 0.3-a-9-g12657ce
     0 | D:1      | 0 ||| qw: Game counter: 4530
     0 | D:1      | 0 ||| qw: Always use a shield: true
     0 | D:1      | 0 ||| qw: God list: Okawaru
     0 | D:1      | 0 ||| qw: Allow faded altars: false
     0 | D:1      | 0 ||| qw: Do Orc after D:15 true
     0 | D:1      | 0 ||| qw: Do second Lair branch before Depths: true
     0 | D:1      | 0 ||| qw: Lair rune preference: random
     0 | D:1      | 0 ||| qw: Plans: Normal
     0 | D:1      | 0 ||| PLANNING D:1-11
   236 | D:1      | Reached skill level 6 in Ranged Weapons
   236 | D:1      | Reached XP level 2. HP: 16/16 MP: 4/4
   457 | D:1      | 457 ||| FLEEEEING.
   458 | D:1      | 458 ||| FLEEEEING.
   860 | D:1      | Reached XP level 3. HP: 20/20 MP: 5/5
   968 | D:1      | 968 ||| UPGRADING to +0 pair of gloves.
   973 | D:1      | 973 ||| UPGRADING to +0 ring mail.
   983 | D:1      | 983 ||| DROPPING +0 leather armour.
   984 | D:1      | 984 ||| READING 2 scrolls labelled JEWITE CIECI.
   985 | D:1      | 985 ||| READING scroll labelled WEANOVY SISOTOLO.
   986 | D:1      | 986 ||| READING 2 scrolls labelled HIAN QULEOX.
   989 | D:1      | 989 ||| READING scroll labelled IHIOVE OHATADD.
   990 | D:1      | 990 ||| DRINKING 3 yellow potions.
   991 | D:1      | 991 ||| DRINKING 2 green potions.
   992 | D:1      | 992 ||| DROPPING scroll of fear.
   993 | D:1      | 993 ||| DROPPING scroll of butterflies.
  1179 | D:2      | Reached skill level 7 in Ranged Weapons
  1189 | D:2      | 1189 ||| FLEEEEING.
  1190 | D:2      | 1190 ||| FLEEEEING.
  1195 | D:2      | 1195 ||| FLEEEEING.
  1196 | D:2      | 1196 ||| FLEEEEING.
  1197 | D:2      | 1197 ||| FLEEEEING.
  1198 | D:2      | 1198 ||| FLEEEEING.
  1199 | D:2      | 1199 ||| FLEEEEING.
  1200 | D:2      | 1200 ||| FLEEEEING.
  1201 | D:2      | 1201 ||| FLEEEEING.
  1202 | D:2      | 1202 ||| FLEEEEING.
  1203 | D:2      | 1203 ||| FLEEEEING.
  1204 | D:2      | 1204 ||| FLEEEEING.
  1286 | D:2      | Found a faded altar of an unknown god.
  1307 | D:2      | You fall into a shaft and drop 1 floor!
  1314 | D:3      | Found a shadowy altar of Dithmenos.
  1339 | D:3      | 1339 ||| READING scroll labelled XYPPOSEDGHA.
  1340 | D:3      | 1340 ||| READING 3 scrolls labelled JIWNUO HAMUGU.
  1341 | D:3      | 1341 ||| READING scroll labelled XACEMOHIAT.
  1442 | D:3      | 1442 ||| READING scroll labelled DYRPHI YGHAXZUW.
  1443 | D:3      | 1443 ||| READING 2 scrolls of identify.
  1443 | D:3      | 1443 ||| IDENTIFYING smoky puce potion
  1444 | D:3      | 1444 ||| DROPPING potion of ambrosia.
  1453 | D:2      | Found Ucruol's Assorted Antiques.
  1470 | D:2      | 1470 ||| BUYING 2 murky orange potions (43 gold).
  1470 | D:2      | Bought 2 murky orange potions for 43 gold pieces
  1470 | D:2      | 1470 ||| BUYING scroll labelled DACZOA QOLEMM (24 gold).
  1470 | D:2      | Bought a scroll labelled DACZOA QOLEMM for 24 gold pieces
  1470 | D:2      | 1470 ||| SHOPLISTING scroll labelled GEADDI UTWAGG (24
                  | gold, have 22).
  1470 | D:2      | 1470 ||| SHOPLISTING scroll labelled SALAM SAISAMYP (24
                  | gold, have 22).
  1470 | D:2      | 1470 ||| SHOPLISTING scroll of identify (48 gold, have 22).
  1727 | D:2      | Reached XP level 4. HP: 25/25 MP: 6/6
  2018 | D:2      | 2018 ||| READING scroll labelled DACZOA QOLEMM.
  2019 | D:2      | 2019 ||| READING scroll labelled POUWUPT VOEWN.
  2020 | D:2      | 2020 ||| DRINKING 2 murky orange potions.
  2125 | D:2      | 2125 ||| READING 2 scrolls of identify.
  2125 | D:2      | 2125 ||| IDENTIFYING lumpy ruby potion
  2126 | D:2      | 2126 ||| DROPPING potion of berserk rage.
  2507 | D:3      | 2507 ||| READING 2 scrolls of identify.
  2507 | D:3      | 2507 ||| IDENTIFYING viscous silvery potion
  2530 | D:4      | Noticed Robin
  2535 | D:4      | 2535 ||| STAIRDANCE
  2542 | D:3      | Killed Robin
  2547 | D:3      | HP: 5/25 [goblin/+0 dagger[Robin] (3)]
  2548 | D:3      | 2548 ||| READING 4 scrolls of teleportation.
  2549 | D:3      | 2549 ||| DRINKING potion of heal wounds.
  2582 | D:3      | 2582 ||| UPGRADING to +0 helmet.
  2592 | D:4      | 2592 ||| STAIRDANCE
  2659 | D:4      | Reached skill level 8 in Ranged Weapons
  2664 | D:4      | Noticed a scorpion
  2674 | D:4      | HP: 6/25 [scorpion (4)]
  2675 | D:4      | 2675 ||| READING 3 scrolls of teleportation.
  2677 | D:4      | Killed a scorpion
  2677 | D:4      | HP: 2/25 [poisoned by a scorpion]
  2678 | D:4      | Reached XP level 5. HP: 2/29 MP: 7/7
  2678 | D:4      | 2678 ||| DRINKING 3 potions of curing.
  2678 | D:4      | 2678 ||| (to cure poison)
  2823 | D:4      | Reached skill level 9 in Ranged Weapons
  2888 | D:4      | 2888 ||| READING scroll of enchant weapon.
  2888 | D:4      | 2888 ||| ENCHANTING +1 shortbow.
  2979 | D:4      | Reached skill level 1 in Armour
  3087 | D:4      | Reached XP level 6. HP: 35/35 MP: 8/8
  3183 | D:4      | Noticed Eustachio
  3205 | D:4      | HP: 7/35 [river rat[Eustachio] (4)]
  3206 | D:4      | 3206 ||| READING 2 scrolls of teleportation.
  3206 | D:4      | HP: 2/35 [river rat[Eustachio] (5)]
  3207 | D:4      | 3207 ||| DRINKING potion of heal wounds.
  3300 | D:4      | Found a runed translucent door.
  3301 | D:4      | Noticed Crazy Yiuf
  3361 | D:4      | HP: 7/35 [worm (3)]
  3362 | D:4      | 3362 ||| READING scroll of teleportation.
  3530 | D:4      | 3530 ||| FLEEEEING.
  3531 | D:4      | 3531 ||| FLEEEEING.
  3532 | D:4      | 3532 ||| FLEEEEING.
  3533 | D:4      | 3533 ||| FLEEEEING.
  3534 | D:4      | 3534 ||| FLEEEEING.
  3535 | D:4      | 3535 ||| FLEEEEING.
  3536 | D:4      | 3536 ||| FLEEEEING.
  3537 | D:4      | 3537 ||| FLEEEEING.
  3538 | D:4      | 3538 ||| FLEEEEING.
  3539 | D:4      | 3539 ||| FLEEEEING.
  3540 | D:4      | 3540 ||| FLEEEEING.
  3541 | D:4      | 3541 ||| FLEEEEING.
  3542 | D:4      | 3542 ||| FLEEEEING.
  3543 | D:4      | 3543 ||| FLEEEEING.
  3544 | D:4      | 3544 ||| FLEEEEING.
  3545 | D:4      | 3545 ||| FLEEEEING.
  3546 | D:4      | 3546 ||| FLEEEEING.
  3547 | D:4      | 3547 ||| FLEEEEING.
  3548 | D:4      | 3548 ||| FLEEEEING.
  3549 | D:4      | 3549 ||| FLEEEEING.
  3550 | D:4      | 3550 ||| FLEEEEING.
  3551 | D:4      | 3551 ||| FLEEEEING.
  3552 | D:4      | 3552 ||| FLEEEEING.
  3553 | D:4      | 3553 ||| FLEEEEING.
  3554 | D:4      | 3554 ||| FLEEEEING.
  3613 | D:4      | Killed Eustachio
  3614 | D:4      | Reached skill level 10 in Ranged Weapons
  3620 | D:4      | 3620 ||| FLEEEEING.
  3621 | D:4      | 3621 ||| FLEEEEING.
  3622 | D:4      | 3622 ||| FLEEEEING.
  3623 | D:4      | 3623 ||| FLEEEEING.
  3624 | D:4      | 3624 ||| FLEEEEING.
  3625 | D:4      | 3625 ||| FLEEEEING.
  3626 | D:4      | 3626 ||| FLEEEEING.
  3627 | D:4      | 3627 ||| FLEEEEING.
  3628 | D:4      | 3628 ||| FLEEEEING.
  3629 | D:4      | 3629 ||| FLEEEEING.
  3630 | D:4      | 3630 ||| FLEEEEING.
  3631 | D:4      | 3631 ||| FLEEEEING.
  3632 | D:4      | 3632 ||| FLEEEEING.
  3633 | D:4      | 3633 ||| FLEEEEING.
  3634 | D:4      | 3634 ||| FLEEEEING.
  3635 | D:4      | 3635 ||| FLEEEEING.
  3636 | D:4      | 3636 ||| FLEEEEING.
  3637 | D:4      | 3637 ||| FLEEEEING.
  3638 | D:4      | 3638 ||| FLEEEEING.
  3639 | D:4      | 3639 ||| FLEEEEING.
  3640 | D:4      | 3640 ||| FLEEEEING.
  3642 | D:4      | 3642 ||| FLEEEEING.
  3644 | D:4      | 3644 ||| FLEEEEING.
  3645 | D:4      | 3645 ||| FLEEEEING.
  3646 | D:4      | 3646 ||| STAIRDANCE
  3722 | D:4      | 3722 ||| STAIRDANCE
  3787 | D:4      | Reached skill level 3 in Dodging
  3830 | D:4      | HP: 8/35 [frozen (4)]
  3831 | D:4      | Reached XP level 7. HP: 9/40 MP: 9/9
  3831 | D:4      | 3831 ||| DRINKING potion of heal wounds.
  4090 | D:4      | 4090 ||| UPGRADING to +3 scale mail.
  4100 | D:4      | 4100 ||| DROPPING +0 ring mail.
  4101 | D:4      | 4101 ||| READING scroll labelled GEADDI UTWAGG.
  4103 | D:4      | 4103 ||| Stepping ~*~*~tactically~*~*~ (cloud).
  4351 | D:5      | Entered Level 5 of the Dungeon
  4470 | D:5      | Found a broken altar of Ashenzari.
  4577 | D:5      | Noticed a hornet
  4581 | D:5      | HP: 4/40 [hornet (9)]
  4583 | D:5      | HP: 1/40 [poisoned by a hornet]
  4583 | D:5      | Slain by a hornet

Levels and vault maps discovered:
D:1:      wander_arrival_estate, layout_loops_corners, roderic_lattice_a
D:2:      layout_basic, shapermc_ecumenical_altar_gd, serial_shops,
          nicolae_shop_hallway_stairs, minmay_statues_item
D:3:      layout_rooms, grunt_dithmenos_smoke
D:4:      cheibrodos_fertilizer, layout_loops_ring, uniq_eustachio, uniq_robin,
          uniq_crazy_yiuf_cottage
D:5:      layout_loops_corners, nicolae_overflow_hidden_temple,
          minmay_temple_entry_nine_rooms

Skill      XL: |  1  2  3  4  5  6 |
---------------+-------------------+-----
Ranged Weapons | 6 7 8 9 10 | 10.8
Fighting       | 2 |  2.2
Armour         | 1 |  1.0
Dodging        | 3 |  3.0
Stealth        | |  1.2

Action                     |  1- 3 |  4- 6 |  7- 9 || total
---------------------------+-------+-------+-------++-------
   Fire: Shortbow          |    97 |   214 |    33 ||   344
    Use: Scroll            |     9 |     9 |     1 ||    19
         Potion            |     2 |     4 |     1 ||     7
 Armour: Leather armour    |     1 |       |       ||     1
         Ring mail         |     6 |    82 |     3 ||    91
         Scale mail        |       |       |    11 ||    11
  Dodge: Dodged            |    23 |   131 |     8 ||   162

Table legend:
 A = Non-vault XP
 B = Vault XP
 C = Vault XP percentage of total XP
 D = Non-vault monster count
 E = Vault monster count
 F = Vault count percentage of total count
                 A         B        C        D         E       F
            +---------+---------+-------+---------+---------+-------
      Total |     489 |     398 |  44.9 |      71 |      27 |  27.6
            +---------+---------+-------+---------+---------+-------
        D:1 |      42 |       0 |   0.0 |      23 |       0 |   0.0
        D:2 |      58 |       0 |   0.0 |      16 |       0 |   0.0
        D:3 |      12 |      23 |  65.7 |       6 |       5 |  45.5
        D:4 |     270 |     375 |  58.1 |      24 |      22 |  47.8
        D:5 |     107 |       0 |   0.0 |       2 |       0 |   0.0
            +---------+---------+-------+---------+---------+-------
